[Event "*** Titled Tuesday Blitz"]
[Site "Chess.com"]
[Date "2019.09.03"]
[Round "2"]
[White "Kriari"]
[Black "popov_m"]
[Result "1-0"]
[WhiteElo "2920"]
[BlackElo "2608"]
[TimeControl "180+2"]
[EndTime "15:20:10 PDT"]
[Termination "Kriari won by resignation"]

1. d4 Nf6 2. c4 g6 3. Nc3 Bg7 4. g3 d6 5. Bg2 O-O 6. Nf3 c5 7. O-O Nc6 8. d5 Na5 9. Nd2 a6 10. Qc2 Rb8 11. a4 e6 12. b3 exd5 13. cxd5 b5 14.
axb5 axb5 15. Bb2 Re8 16. Rfe1 b4 17. Nce4 Bf5 18. Nxf6+ Bxf6 19. Bxf6 Bxc2 20. Bxd8 Nxb3 21. Nxb3 Bxb3 22. Bc7 Rb7 23. Bxd6 c4 24. Bf4 Bc2 25. d6 Rb6 26. d7 Rd8 27. Ra8 Rxa8 28. Bxa8 1-0

[Event "*** Titled Tuesday Blitz"]
[Site "Chess.com"]
[Date "2019.09.03"]
[Round "2"]
[White "StephenDedalus83"]
[Black "olksuna"]
[Result "1-0"]
[WhiteElo "2836"]
[BlackElo "2558"]
[TimeControl "180+2"]
[EndTime "15:20:11 PDT"]
[Termination "StephenDedalus83 won by resignation"]

1. g3 d5 2. Bg2 e6 3. d3 Nf6 4. Nd2 c5 5. e4 Nc6 6. f4 g6 7.
Ne2 Bg7 8. O-O Ng4 9. Nf3 O-O 10. e5 f6 11. h3 Nh6 12. exf6 Qxf6 13. g4 Qe7 14. c3 e5 15. fxe5 Nxe5 16. Nxe5 Rxf1+ 17. Qxf1 Qxe5 18. Bf4 Qe6 19. Re1 Nf7 20. Ng3 Qc6 21. Bxd5 Qxd5 22. Re8+ Bf8 23. Bh6 Bf5 24.
Rxa8 Nxh6 25. gxf5 Qe5 26. Qg2 Qe3+ 27. Qf2 Qc1+ 28.
Kg2 g5 29. Ne4 Nf7 30. Qxc5 Qxb2+ 31. Kg3 1-0

[Event "*** Titled Tuesday Blitz"]
[Site "Chess.com"]
[Date "2019.09.03"]
[Round "2"]
[White "NicoChasin"]
[Black "Parhamov"]
[Result "0-1"]
[WhiteElo "2491"]
[BlackElo "2896"]
[TimeControl "180+2"]
[EndTime "15:20:11 PDT"]
[Termination "Parhamov won by resignation"]

1. e4 e5 2. Nf3 Nc6 3. Bc4 Bc5 4. O-O Nf6 5. d3 O-O 6. c3 d6 7. b4 Bb6 8. a4 a5 9. b5 Ne7 10. Be3 Bxe3 11. fxe3 Ng6 12. Nbd2 c6 13. bxc6 bxc6 14. d4 Re8 15. Qc2 Qe7 16. Ng5 d5 17. exd5 cxd5 18.
Bb5 Bd7 19. Bxd7 Qxd7 20. Nb3 h6 21. Nc5 Qg4 22. Nf3 e4 23. Nd2 Qg5 24. Rfe1 Nh4 25. Re2 Ng4 26. Nf1 Rab8 27. Rb1 Nf3+ 28. Kh1 Qh4 29. gxf3 exf3 30. Rxb8 Rxb8 31. Rd2 Qh3 32. Qd1 f2 33. Nd3 Rb1 34. Nf4 Qxf1+ 35. Qxf1 Rxf1+ 36. Kg2 Rg1+ 0-1

[Event "*** Titled Tuesday Blitz"]
[Site "Chess.com"]
[Date "2019.09.03"]
[Round "2"]
[White "Ar4uha"]
[Black "DanielNaroditsky"]
[Result "0-1"]
[WhiteElo "2507"]
[BlackElo "2998"]
[TimeControl "180+2"]
[EndTime "15:20:26 PDT"]
[Termination "DanielNaroditsky won by resignation"]

1. e4 c5 2. Nf3 a6 3. c3 e6 4. d4 d5 5. exd5 exd5 6. Bd3 Nf6 7.
h3 Be7 8. O-O O-O 9. dxc5 Bxc5 10. Nbd2 h6 11. Nb3 Bb6 12. Re1 Nc6 13. Be3 Bc7 14.
Nbd4 Qd6 15. Nxc6 bxc6 16. Bd4 c5 17. Be5 Qc6 18. Bc2 Bb7 19. Qd2 Rad8 20. Qf4 Bxe5 21.
Nxe5 Qc7 22. Qf5 Bc8 23. Qd3 Ne4 24. Nf3 Bf5 25. Qe3 Rfe8 26. Nh4 Bh7 27. Rad1 d4 28. Qc1 dxc3 29. Rxd8 Qxd8 30. bxc3 Qxh4 31. Qe3 Bg6 32.
Qf3 Qe7 33. Qf4 Qd6 34. Rxe4 Qxf4 35. Rxf4 Bxc2 36. Rc4 Re5 37. f4 0-1

[Event "*** Titled Tuesday Blitz"]
[Site "Chess.com"]
[Date "2019.09.03"]
[Round "2"]
[White "michaelk123"]
[Black "Bishops83"]
[Result "0-1"]
[WhiteElo "2417"]
[BlackElo "2220"]
[TimeControl "180+2"]
[EndTime "15:20:48 PDT"]
[Termination "Bishops83 won on time"]

1. e4 c5 2. Nf3 g6 3. c3 Bg7 4. d4 cxd4 5. cxd4 d5 6. e5 Bg4 7.
Nc3 Nc6 8. Be3 Nh6 9. h3 Bxf3 10. Qxf3 e6 11. g4 O-O 12. Be2 f6 13. exf6 Rxf6 14.
Qg2 Nf7 15. O-O Qb6 16. Na4 Qb4 17. b3 Nxd4 18. Bd1 Nc6 19. Bc5 Qf4 20. Re1 d4 0-1

[Event "*** Titled Tuesday Blitz"]
[Site "Chess.com"]
[Date "2019.09.03"]
[Round "2"]
[White "chegueps"]
[Black "YQPerez"]
[Result "0-1"]
[WhiteElo "2537"]
[BlackElo "2768"]
[TimeControl "180+2"]
[EndTime "15:20:50 PDT"]
[Termination "YQPerez won by resignation"]

1. e4 e5 2. Qh5 Nc6 3. Bc4 g6 4. Qf3 Nf6 5. Ne2 Bg7 6. Nbc3 O-O 7. d3 Na5 8. h3 d6 9. Bg5 h6 10. Bd2 Nxc4 11. dxc4 Be6 12. Qd3 Nd7 13. Be3 f5 14. f3 Qh4+ 15. Bf2 Qg5 16. h4 Qxg2 17. Rg1 fxe4 18.
Qxe4 Qxf3 19. Qxf3 Rxf3 20. Rxg6 Bxc4 21. Ng1 Rf6 22. Rxf6 Nxf6 23. b3 Be6 24. Nb5 Ne8 25.
Nxa7 Bd7 26. a4 b6 27. Ne2 Rxa7 28. Kd2 Ra8 29. Rg1 Kh7 30. Nc3 Nf6 0-1

[Event "*** Titled Tuesday Blitz"]
[Site "Chess.com"]
[Date "2019.09.03"]
[Round "2"]
[White "Iustin106"]
[Black "bluejay1897"]
[Result "1/2-1/2"]
[WhiteElo "2496"]
[BlackElo "2303"]
[TimeControl "180+2"]
[EndTime "15:21:02 PDT"]
[Termination "Game drawn by agreement"]

1. d4 Nf6 2. c4 e6 3. Nc3 d5 4.
cxd5 exd5 5. Bg5 Be7 6. e3 O-O 7. Bd3 c6 8. h3 Re8 9. Qc2 Nbd7 10. Nf3 Nf8 11. O-O Ne4 12. Bf4 f5 13. Ne5 Nd7 14. f3 Nxe5 15. Bxe5 Nxc3 16. bxc3 Bd6 17. f4 g6 18. c4 Bxe5 19. fxe5 Be6 20. Rab1 b6 21.
Rfc1 Rc8 22. c5 b5 23. a4 a6 24. Ra1 Qg5 25. Qf2 Rf8 26. Qf4 Qe7 27. axb5 axb5 28.
Ra6 Qb7 29. Rca1 Ra8 30. R6a2 Rxa2 31. Rxa2 Ra8 32. Qf2 Ra6 33. Bb1 Qa7 34. Rxa6 Qxa6 35. Qa2 Qxa2 36. Bxa2 Kf7 37. Kf2 g5 38. Ke1 Ke7 39.
Kd2 Kd7 40. Kc3 Kc7 41. Kb4 Kb7 42. Ka5 Ka7 43. Bb1 h5 44. g3 g4 45. hxg4 hxg4 1/2-1/2

[Event "*** Titled Tuesday Blitz"]
[Site "Chess.com"]
[Date "2019.09.03"]
[Round "2"]
[White "IMTominho"]
[Black "matiss90"]
[Result "0-1"]
[WhiteElo "2698"]
[BlackElo "2507"]
[TimeControl "180+2"]
[EndTime "15:21:03 PDT"]
[Termination "matiss90 won by resignation"]

1. d4 Nf6 2. c4 g6 3. Nc3 Bg7 4. e4 O-O 5. Nf3 d6 6. Be2 Na6 7. Bg5 h6 8. Bf4 c5 9. d5 g5 10. Be3 Ng4 11. Bd2 f5 12. exf5 Bxf5 13. O-O Nb8 14.
Nxg5 Nxh2 15. Kxh2 hxg5 16. Bxg5 Nd7 17. Kg1 Qe8 18.
Qd2 Qg6 19. Rae1 Rf7 20. Bh4 Bd4 21. Qg5 Qxg5 22. Bxg5 Rg7 23. Be3 Bh3 24. Bf3 Ne5 25. Be4 Bxg2 26. Bxg2 Nf3+ 27. Kh1 Kf7 28. Bh6 Rh8 29.
Re6 Bf6 30. Rxf6+ exf6 0-1

[Event "*** Titled Tuesday Blitz"]
[Site "Chess.com"]
[Date "2019.09.03"]
[Round "2"]
[White "LiamVrolijk"]
[Black "TheBigBoss04"]
[Result "1/2-1/2"]
[WhiteElo "2758"]
[BlackElo "2540"]
[TimeControl "180+2"]
[EndTime "15:21:05 PDT"]
[Termination "Game drawn by agreement"]

1. c4 g6 2. d4 Bg7 3. e4 Nc6 4. Nf3 d6 5. d5 Nb8 6. Nc3 Nf6 7.
h3 a5 8. Be2 O-O 9. Be3 Na6 10. Nd4 Nc5 11. f3 e6 12. g4 exd5 13.
cxd5 Bd7 14. Qd2 c6 15. dxc6 bxc6 16. O-O Qe7 17. Rad1 Rfd8 18. Rfe1 a4 19. Bf1 Rab8 20. Bg2 Qf8 21. f4 Ne8 22. Qf2 Ne6 23. Nxe6 Bxe6 24.
f5 Bc4 25. Bd4 c5 26. Bxg7 Qxg7 27. e5 gxf5 28. gxf5 dxe5 29. Re4 Rd4 30. Rdxd4 cxd4 31. Rg4 dxc3 32. Rxg7+ Nxg7 33. bxc3 a3 34. f6 Ne6 35.
Qa7 Rb1+ 36. Kh2 Rb2 37. Qa8+ Nf8 38. Qxa3 Rxa2 39. Qb4 Bd5 40. Qg4+ Ng6 41. Qc8+ Nf8 42. Qg4+ 1/2-1/2

[Event "*** Titled Tuesday Blitz"]
[Site "Chess.com"]
[Date "2019.09.03"]
[Round "2"]
[White "Cukiero"]
[Black "MITerryble"]
[Result "0-1"]
[WhiteElo "2410"]
[BlackElo "2840"]
[TimeControl "180+2"]
[EndTime "15:21:06 PDT"]
[Termination "MITerryble won by resignation"]

1. c4 e5 2. Nc3 Nc6 3. g3 g6 4.
Bg2 Bg7 5. d3 f5 6. Nf3 Nge7 7.
O-O O-O 8. e4 d6 9. Nd5 h6 10.
Bd2 g5 11. exf5 Bxf5 12. Nxe7+ Qxe7 13. Qb3 Rab8 14. h3 Bxh3 15. Bxh3 Rxf3 16. Bg2 Nd4 17.
Qd1 Rxd3 18. Be4 Rxd2 19. Qxd2 c6 20. Rae1 Rf8 21. Qxd4 exd4 22. Bd5+ cxd5 23. Rxe7 dxc4 24. Rxb7 d3 25. Rc7 d5 26. Rd7 Bxb2 27. Rxd5 Rc8 28. f4 g4 29. f5 Bf6 30. Rd4 Bxd4+ 0-1

[Event "*** Titled Tuesday Blitz"]
[Site "Chess.com"]
[Date "2019.09.03"]
[Round "2"]
[White "Shant_Sargsyan"]
[Black "vanyakuba"]
[Result "1-0"]
[WhiteElo "2983"]
[BlackElo "2358"]
[TimeControl "180+2"]
[EndTime "15:21:09 PDT"]
[Termination "Shant_Sargsyan won by resignation"]

1. e4 d5 2. exd5 Qxd5 3. Nc3 Qa5 4. d4 Nf6 5. Bc4 Nc6 6. Nf3 Bg4 7. h3 Bh5 8. g4 Bg6 9. Qe2 O-O-O 10. O-O e6 11. Be3 Bb4 12. Bb5 Ne7 13. Ne5 Bxc3 14. bxc3 Qxc3 15.
Rab1 Ned5 16. Rfc1 Nxe3 17. fxe3 Nd5 18. Ba6 Nb6 19. Bd3 f6 20. Nxg6 hxg6 21. Rb3 Qc6 22. Qg2 Qxg2+ 23. Kxg2 Nd5 24. Bxg6 Rh6 25. Bf7 f5 26. c4 Nb6 27. g5 Rh4 28. c5 Kb8 29.
cxb6 1-0

[Event "*** Titled Tuesday Blitz"]
[Site "Chess.com"]
[Date "2019.09.03"]
[Round "2"]
[White "Firouzja2003"]
[Black "ohusbands"]
[Result "1-0"]
[WhiteElo "3050"]
[BlackElo "2651"]
[TimeControl "180+2"]
[EndTime "15:21:10 PDT"]
[Termination "Firouzja2003 won by resignation"]

1. Nf3 d5 2. b3 c5 3. Bb2 Nc6 4. e3 Nf6 5. Bb5 e6 6. Bxc6+ bxc6 7. O-O Bd6 8. c4 O-O 9. d3 Qc7 10. Nc3 Nd7 11. e4 Bb7 12. Na4 Rad8 13. Qc2 d4 14.
Ba3 Bc8 15. Rae1 e5 16. Qd1 Nb6 17. Nb2 Qe7 18. h3 Kh8 19. Qd2 f5 20. exf5 Bxf5 21.
Nxe5 Bxe5 22. f4 Bxf4 23. Qxf4 Qd7 24. Bxc5 Rf6 25. Be7 1-0

[Event "*** Titled Tuesday Blitz"]
[Site "Chess.com"]
[Date "2019.09.03"]
[Round "2"]
[White "Th3ChessViking"]
[Black "JussupowFan"]
[Result "1/2-1/2"]
[WhiteElo "2449"]
[BlackElo "2223"]
[TimeControl "180+2"]
[EndTime "15:21:13 PDT"]
[Termination "Game drawn by repetition"]

1. d4 c5 2. c3 Nf6 3. Bf4 d5 4. e3 Nc6 5. Nd2 e6 6. Ngf3 Bd6 7. Bg3 O-O 8. Bb5 a6 9. Bxc6 bxc6 10. Qa4 Qc7 11.
Bxd6 Qxd6 12. Qa3 Rb8 13. Nb3 Ne4 14. Nxc5 Nxc5 15. dxc5 Qe7 16. Nd4 Bb7 17. O-O e5 18. Ne2 f5 19. Rae1 Rf6 20. f4 exf4 21. Nxf4 Re8 22. Qb4 g5 23. Nh5 Rf7 24. Qd4 Qe5 25. Rf3 Bc8 26. Ng3 Qxd4 27. cxd4 f4 28. Ref1 Bg4 29.
R3f2 Rxe3 30. h3 Rxg3 31. hxg4 Rxg4 32. Rf3 Re7 33. Ra3 Re2 34. Rf2 Re1+ 35. Rf1 Re2 36. Rf2 Re1+ 37. Rf1 Re2 1/2-1/2

[Event "*** Titled Tuesday Blitz"]
[Site "Chess.com"]
[Date "2019.09.03"]
[Round "2"]
[White "a_kandil"]
[Black "Komissarov_alex"]
[Result "1-0"]
[WhiteElo "2408"]
[BlackElo "2105"]
[TimeControl "180+2"]
[EndTime "15:21:13 PDT"]
[Termination "a_kandil won by resignation"]

1. e4 e5 2. Nf3 Nc6 3. Bb5 Nd4 4. Nxd4 exd4 5. O-O c6 6. Bc4 Nf6 7. e5 d5 8. exd6 Bxd6 9. Re1+ Kf8 10. h3 b5 11. Bf1 c5 12. d3 Bb7 13. Bg5 Bc7 14. Nd2 Qd6 15. g3 Qc6 16. Ne4 Nxe4 17. dxe4 Re8 18. Bg2 f5 19. Qf3 Re5 20. Bf4 Rxe4 21.
Bxc7 Rxe1+ 22. Rxe1 Qxf3 23. Bxf3 Bxf3 24. Bd6+ Kf7 25.
Bxc5 Be4 26. Bxd4 Bxc2 27. Re5 a6 28. Rc5 Re8 29. Rxc2 1-0

[Event "*** Titled Tuesday Blitz"]
[Site "Chess.com"]
[Date "2019.09.03"]
[Round "2"]
[White "MarshKnight"]
[Black "FrenchMonster2002"]
[Result "0-1"]
[WhiteElo "2181"]
[BlackElo "2428"]
[TimeControl "180+2"]
[EndTime "15:21:17 PDT"]
[Termination "FrenchMonster2002 won by checkmate"]

1. e4 c5 2. Nf3 Nc6 3. d4 cxd4 4.
Nxd4 e5 5. Nb5 d6 6. N1c3 a6 7. Na3 Be7 8. Nc4 b5 9. Ne3 Nf6 10. Bd3 Be6 11. O-O O-O 12. Qf3 Nd4 13. Qg3 Nh5 14. Ncd5 Nxg3 15. hxg3 Rc8 16. c3 Nc6 17. a4 Rb8 18. axb5 axb5 19. Ra6 Rc8 20. Bxb5 Nb8 21. Ra7 Bg5 22. f4 Bh6 23. Ne7+ Kh8 24. Nxc8 Qxc8 25. f5 Qc5 26. Rb7 Bxe3+ 27. Bxe3 Qxe3+ 28. Kh2 Qxe4 29. Rxb8 Rxb8 30. fxe6 fxe6 31. c4 h5 32. Rf3 g5 33. b3 g4 34. Rf1 Kg7 35. Ra1 Rh8 36.
Ra7+ Kf6 37. Ra6 h4 38. Rxd6 hxg3+ 39. Kxg3 Qf4# 0-1

[Event "*** Titled Tuesday Blitz"]
[Site "Chess.com"]
[Date "2019.09.03"]
[Round "2"]
[White "albi1999"]
[Black "gena217"]
[Result "0-1"]
[WhiteElo "2474"]
[BlackElo "2906"]
[TimeControl "180+2"]
[EndTime "15:21:18 PDT"]
[Termination "gena217 won by checkmate"]

1. d4 Nf6 2. c4 e6 3. Nf3 d5 4. g3 Bb4+ 5. Bd2 Bd6 6. Nc3 O-O 7. Bg5 dxc4 8. e4 Be7 9. Bxc4 a6 10. e5 Nfd7 11. h4 h6 12. Bxe7 Qxe7 13. Qe2 b5 14. Bd3 Bb7 15. O-O-O c5 16. Be4 Ra7 17. d5 b4 18. d6 Qd8 19. Bxb7 bxc3 20. Be4 cxb2+ 21. Qxb2 c4 22. Qd4 Qa5 23. Qxa7 Nc5 24. Bc2 Nc6 25. Qc7 Qa3+ 26. Kb1 Nb4 27. Nd4 c3 28. Qxc5 Qb2# 0-1

[Event "*** Titled Tuesday Blitz"]
[Site "Chess.com"]
[Date "2019.09.03"]
[Round "2"]
[White "Kanthecarowin"]
[Black "minnesotachessmaster"]
[Result "1-0"]
[WhiteElo "2370"]
[BlackElo "1927"]
[TimeControl "180+2"]
[EndTime "15:21:25 PDT"]
[Termination "Kanthecarowin won by resignation"]

1. d4 Nc6 2. c4 d5 3. cxd5 Qxd5 4.
Nf3 Bg4 5. Nc3 Qa5 6. e3 e5 7. dxe5 Nxe5 8. Be2 Nxf3+ 9. Bxf3 Bxf3 10. Qxf3 O-O-O 11. O-O Nf6 12. e4 Bd6 13. Be3 Rhe8 14. Rfd1 Qe5 15. g3 Nxe4 16. Nxe4 Qxe4 17. Qxf7 Re7 18.
Qb3 h5 19. Bg5 Red7 20. Bxd8 Rxd8 21. Re1 Qf5 22. Qe6+ Qxe6 23. Rxe6 Bc5 24. Re2 h4 25. Rc1 Bb6 26. Kg2 hxg3 27. hxg3 a5 28. Rcc2 Kb8 29. b3 Ka7 30. Re7 g5 31. Re5 g4 32. Re4 Rg8 33. b4 axb4 34. Rxb4 Rg5 35. Ra4+ Kb8 36. Rcc4 Rf5 37.
Rf4 1-0

[Event "*** Titled Tuesday Blitz"]
[Site "Chess.com"]
[Date "2019.09.03"]
[Round "2"]
[White "TigranLPetrosyan"]
[Black "iLuusions"]
[Result "1-0"]
[WhiteElo "2924"]
[BlackElo "2625"]
[TimeControl "180+2"]
[EndTime "15:21:30 PDT"]
[Termination "TigranLPetrosyan won by resignation"]

1. Nf3 Nf6 2. g3 d5 3. Bg2 c6 4. c4 dxc4 5. O-O Nbd7 6. Na3 Nb6 7. Qc2 Qd5 8. b3 cxb3 9. axb3 g6 10. Nc4 Nxc4 11. bxc4 Qf5 12. d3 Bg7 13. Be3 O-O 14. Rxa7 Rxa7 15. Bxa7 e5 16. Nd2 Qh5 17. Ne4 Nxe4 18.
Bxe4 f5 19. Bf3 Qg5 20. Be3 f4 21. Bb6 h5 22. h4 Qf5 23. Rd1 fxg3 24. fxg3 g5 25.
hxg5 Qxg5 26. Bf2 h4 27. Qd2 Qg6 28. Kg2 Bh6 29. Qa5 Bf4 30. Rg1 hxg3 31. Bc5 Rf7 32. Qd8+ 1-0

[Event "*** Titled Tuesday Blitz"]
[Site "Chess.com"]
[Date "2019.09.03"]
[Round "2"]
[White "jmduque"]
[Black "silverback96"]
[Result "1-0"]
[WhiteElo "2393"]
[BlackElo "2015"]
[TimeControl "180+2"]
[EndTime "15:21:33 PDT"]
[Termination "jmduque won by resignation"]

1. e4 e6 2. d4 d5 3. e5 c5 4. c3 Qb6 5. Nf3 Nc6 6. a3 c4 7.
Nbd2 Bd7 8. h4 Na5 9. g3 O-O-O 10. Bh3 h6 11. O-O Kb8 12. h5 Rc8 13. Nh4 Be7 14.
Ng2 g5 15. f4 Rf8 16. f5 exf5 17.
Bxf5 Bxf5 18. Rxf5 Qe6 19. Qf3 f6 20. Ne3 Rh7 21. Nxd5 g4 22. Qe4 fxe5 23. Rxf8+ Bxf8 24. Qxh7 Qxd5 25. Qe4 Qxe4 26. Nxe4 exd4 27. Bf4+ Kc8 28. cxd4 Nb3 29. Rd1 Kd7 30. Nc5+ Bxc5 31. dxc5+ Kc6 32. Rd8 Ne7 33. Bxh6 Nxc5 34. Bf8 Ng8 35. Rc8+ 1-0

[Event "*** Titled Tuesday Blitz"]
[Site "Chess.com"]
[Date "2019.09.03"]
[Round "2"]
[White "PchelkinVK"]
[Black "Jenia84"]
[Result "1/2-1/2"]
[WhiteElo "2478"]
[BlackElo "2249"]
[TimeControl "180+2"]
[EndTime "15:21:34 PDT"]
[Termination "Game drawn by agreement"]

1. d4 Nf6 2. Nc3 d5 3. Bf4 e6 4.
a3 Bd6 5. Qd2 b6 6. Nf3 Ba6 7.
O-O-O Nbd7 8. e4 Bxf1 9. Rhxf1 Nxe4 10. Nxe4 dxe4 11. Ng5 Nf6 12. Rfe1 O-O 13. Nxe4 Nxe4 14. Rxe4 Qf6 15. Be5 Bxe5 16. dxe5 Qf5 17. Qf4 Qxf4+ 18. Rxf4 Rfd8 19. Rfd4 Rxd4 20. Rxd4 Kf8 21. Kd2 Ke7 22.
Ke3 c5 23. Rg4 g6 24. Rh4 h5 25. Ra4 a5 26. b4 cxb4 27. axb4 Rc8 28. bxa5 bxa5 29.
Rxa5 Rxc2 1/2-1/2

[Event "*** Titled Tuesday Blitz"]
[Site "Chess.com"]
[Date "2019.09.03"]
[Round "2"]
[White "MartinMatthiesen"]
[Black "babero_gordo"]
[Result "1-0"]
[WhiteElo "2437"]
[BlackElo "2187"]
[TimeControl "180+2"]
[EndTime "15:21:37 PDT"]
[Termination "MartinMatthiesen won by resignation"]

1. d4 Nf6 2. c4 e6 3. Nf3 d5 4. Nc3 Bb4 5. e3 Nbd7 6. Bd3 c5 7. O-O O-O 8. a3 Bxc3 9. bxc3 dxc4 10. Bxc4 Qa5 11.
Bb2 b5 12. Bd3 c4 13. Bc2 Bb7 14. Nd2 Nd5 15. Qe1 N7b6 16. a4 b4 17. cxb4 Nxb4 18. Ne4 N6d5 19. Nc5 Qb6 20. Be4 Qc7 21. a5 a6 22. Ba3 Rfe8 23. Bxb4 Nxb4 24. Qxb4 Bxe4 25. Nxe4 Rab8 26. Qc5 1-0

[Event "*** Titled Tuesday Blitz"]
[Site "Chess.com"]
[Date "2019.09.03"]
[Round "2"]
[White "HrvojeZagreb"]
[Black "becemix"]
[Result "0-1"]
[WhiteElo "2063"]
[BlackElo "2399"]
[TimeControl "180+2"]
[EndTime "15:21:40 PDT"]
[Termination "becemix won by resignation"]

1. d4 Nf6 2. Bf4 g6 3. Nc3 Bg7 4. e4 O-O 5. Qd2 d5 6. e5 Ne8 7.
Bh6 c5 8. dxc5 d4 9. Bxg7 Nxg7 10. O-O-O Nc6 11. Nce2 Ne6 12. f4 Nxc5 13. Nxd4 Ne4 14.
Qe3 Nxd4 15. Rxd4 Qa5 16. Qxe4 Bf5 17. Ra4 Qc7 18. Qc4 Qb6 19. Qd4 Qc7 20. Rc4 Qa5 21. a3 Rfd8 22. Qc3 Qd5 23. Bd3 Qxg2 24. Nf3 Qxh1+ 25.
Ne1 Bxd3 26. cxd3 Qxh2 27. Kb1 Qe2 28. Ka2 b5 29. Rc5 a6 30. d4 Qe4 31. d5 Qxf4 32. Nd3 Qf3 33. d6 exd6 34. Rc7 Qd5+ 35. Ka1 dxe5 36.
Nxe5 Rf8 37. Ng4 Qd1+ 38. Ka2 Qxg4 0-1

[Event "*** Titled Tuesday Blitz"]
[Site "Chess.com"]
[Date "2019.09.03"]
[Round "2"]
[White "bourideu"]
[Black "Alexandercs432"]
[Result "0-1"]
[WhiteElo "2359"]
[BlackElo "2018"]
[TimeControl "180+2"]
[EndTime "15:21:45 PDT"]
[Termination "Alexandercs432 won on time"]

1. Nf3 d5 2. e3 Nf6 3. c4 e6 4.
Nc3 Be7 5. b3 O-O 6. Bb2 c6 7.
Qc2 Nbd7 8. Rg1 Nc5 9. g4 Nfe4 10. g5 Nxc3 11. Qxc3 f6 12. cxd5 cxd5 13. gxf6 Rxf6 14. Be2 Rf7 15. Qc2 Ne4 16. d3 Nf6 17. Ng5 Rf8 18. f4 Bd7 19. Bd4 Rc8 20. Qb2 Qa5+ 21. Kf1 Qc7 0-1

[Event "*** Titled Tuesday Blitz"]
[Site "Chess.com"]
[Date "2019.09.03"]
[Round "2"]
[White "Hikaru"]
[Black "jlucasvf"]
[Result "0-1"]
[WhiteElo "3231"]
[BlackElo "2683"]
[TimeControl "180+2"]
[EndTime "15:21:50 PDT"]
[Termination "jlucasvf won by resignation"]

1. Nf3 Nf6 2. b3 d5 3. e3 Bf5 4. Bb2 e6 5. Nh4 Bg6 6. Nxg6 hxg6 7. g3 Nbd7 8. Bg2 c6 9. d3 Bd6 10. Nd2 O-O 11. a3 Be5 12. c3 Bc7 13. h4 e5 14.
g4 Nc5 15. Bf1 e4 16. g5 Nh5 17. d4 Nd3+ 18. Bxd3 exd3 19. Qb1 Nf4 20. Kf1 Qe7 21.
Qd1 Ne2 22. Qb1 Nf4 23. a4 Bd6 24. Qd1 Ne2 25. Qb1 Nf4 26. Qd1 Ne2 27. Nf3 Qe4 28. Rh3 Qg4 29. Qxd3 Nf4 30. exf4 Qxh3+ 31. Ke2 Bxf4 32.
Rg1 Rae8+ 33. Kd1 Re4 34. Ne5 Qxh4 35. Qf3 Bxe5 36. dxe5 Qh5 37. Qxh5 gxh5 38. c4 dxc4 39. bxc4 Rd8+ 40. Kc2 Rxc4+ 41. Kb3 Rf4 42. g6 Rf3+ 43.
Kc4 Rxf2 44. gxf7+ Kxf7 45. Bc1 Rc2+ 46. Kb3 Rxc1 47. Rxc1 h4 0-1

[Event "*** Titled Tuesday Blitz"]
[Site "Chess.com"]
[Date "2019.09.03"]
[Round "2"]
[White "filali-marouan"]
[Black "gmcorrales"]
[Result "0-1"]
[WhiteElo "2345"]
[BlackElo "2712"]
[TimeControl "180+2"]
[EndTime "15:21:55 PDT"]
[Termination "gmcorrales won by resignation"]

1. e4 d6 2. d4 Nf6 3. Nc3 g6 4. f3 a6 5. Be3 e5 6. dxe5 dxe5 7.
Qxd8+ Kxd8 8. Bg5 Be7 9. O-O-O+ Ke8 10. Bc4 h6 11. Be3 b5 12. Bb3 c6 13. Nge2 Nbd7 14.
Rhf1 Nc5 15. h3 a5 16. a4 b4 17. Nb1 Ba6 18. Rfe1 Nxb3+ 19. cxb3 Nd7 20. Nd2 Bc5 21. Ng3 Bxe3 22. Rxe3 Nc5 23. Kc2 Ke7 24. Nc4 Bxc4 25.
bxc4 Nxa4 26. Red3 Nc5 27. Rd6 Rac8 28. b3 Rhd8 29. Rxd8 Rxd8 30. Ra1 Rd3 31. Rxa5 Rc3+ 32. Kd1 Nxb3 33. Rxe5+ Kd7 34. Ne2 Rxc4 35. Nf4 f6 36. Nxg6 Rc1+ 37. Ke2 fxe5 38. Nxe5+ Ke6 39. Nd3 Rc2+ 40.
Ke3 c5 41. Nf4+ Kd6 42. Kd3 Rc3+ 0-1

[Event "*** Titled Tuesday Blitz"]
[Site "Chess.com"]
[Date "2019.09.03"]
[Round "2"]
[White "bascheyaro"]
[Black "rikyshi"]
[Result "0-1"]
[WhiteElo "2681"]
[BlackElo "2221"]
[TimeControl "180+2"]
[EndTime "15:21:58 PDT"]
[Termination "rikyshi won by resignation"]

1. d4 d5 2. c4 dxc4 3. Nc3 e5 4. d5 Nf6 5. e4 c6 6. Bxc4 b5 7. Bd3 b4 8. Nce2 cxd5 9. exd5 Qxd5 10. f3 Bc5 11.
Bg5 Nbd7 12. Rc1 Be7 13. Nh3 O-O 14. O-O Nb6 15. Nf2 Qxa2 16. Bxf6 Bxf6 17. Ng4 Bxg4 18. fxg4 Qxb2 19. Rb1 Qa2 20. Rxf6 gxf6 21. Ng3 Rad8 22.
Qf3 Qd2 23. Rd1 Qf4 24. Qe2 Nd5 25. Rd2 Nc3 26. Qe1 e4 27. Rf2 exd3 28. Rxf4 d2 29. Qe3 d1=Q+ 30. Rf1 Qd4 31. Qxd4 Rxd4 32. Nh5 Rd6 33.
Nxf6+ Rxf6 34. Rxf6 Rb8 35. Rb6 Rxb6 0-1

[Event "*** Titled Tuesday Blitz"]
[Site "Chess.com"]
[Date "2019.09.03"]
[Round "2"]
[White "Renier07"]
[Black "guillembaches"]
[Result "1-0"]
[WhiteElo "2597"]
[BlackElo "2303"]
[TimeControl "180+2"]
[EndTime "15:21:58 PDT"]
[Termination "Renier07 won by checkmate"]

1. d4 Nf6 2. Nf3 e6 3. Bf4 d5 4. e3 Bd6 5. Bg3 O-O 6. c4 b6 7.
Nc3 Bb7 8. Bh4 Nbd7 9. cxd5 exd5 10. Bb5 c6 11. Bd3 Re8 12. O-O Nf8 13. Qc2 Ng6 14.
Bg3 Bxg3 15. hxg3 c5 16. Rad1 Qe7 17. Rfe1 Ne4 18. dxc5 bxc5 19. Ne2 Rad8 20. Nf4 Nxf4 21. gxf4 f6 22. b3 Kh8 23. Rc1 Rc8 24. Red1 Red8 25.
Bxe4 dxe4 26. Rxd8+ Rxd8 27. Nd2 Ba6 28. Qxe4 Qf7 29. Nf3 Bb7 30. Qc4 Qg6 31. f5 Qxf5 32. Qxc5 Rd1+ 33. Kh2 Qg4 34. Qf8# 1-0

[Event "*** Titled Tuesday Blitz"]
[Site "Chess.com"]
[Date "2019.09.03"]
[Round "2"]
[White "Gattass"]
[Black "Al_Shima"]
[Result "1-0"]
[WhiteElo "2311"]
[BlackElo "2490"]
[TimeControl "180+2"]
[EndTime "15:21:58 PDT"]
[Termination "Gattass won by checkmate"]

1. d4 Nf6 2. c4 d6 3. Nc3 e5 4.
d5 Be7 5. e4 O-O 6. Bd3 a5 7. b3 Na6 8. f3 Nc5 9. Bc2 Ne8 10.
Nge2 Bg5 11. f4 exf4 12. Nxf4 Qf6 13. Nfe2 Bg4 14. Rf1 Qh6 15. Bxg5 Qxg5 16. Qd2 Qh4+ 17. Ng3 Qxh2 18. Qf4 Qxg2 19. Rf2 Qg1+ 20. Kd2 Qxa1 21. Qxg4 Nd7 22. e5 Nxe5 23. Bxh7+ Kxh7 24. Qh5+ Kg8 25. Rh2 Qb2+ 26. Kd1 Qa1+ 27. Kc2 f6 28. Nf5 Ng6 29. Qxg6 Qe1 30. Nh6+ Kh8 31. Nf7+ Kg8 32. Rh8# 1-0

[Event "*** Titled Tuesday Blitz"]
[Site "Chess.com"]
[Date "2019.09.03"]
[Round "2"]
[White "Semajkcalbk"]
[Black "novocane"]
[Result "1-0"]
[WhiteElo "2440"]
[BlackElo "2196"]
[TimeControl "180+2"]
[EndTime "15:21:58 PDT"]
[Termination "Semajkcalbk won on time"]

1. d4 Nf6 2. c4 e6 3. Nc3 Bb4 4. f3 c5 5. d5 d6 6. e4 b5 7. Bg5 exd5 8. cxd5 a6 9. Ne2 O-O 10. Ng3 h6 11. Be3 Re8 12. Be2 Bb7 13. Qd2 Nbd7 14. Nf5 Ne5 15. Bxh6 g6 16. Ng3 Nxd5 17. exd5 Nc4 18.
Qc1 Qh4 19. O-O Nxb2 20. Nce4 1-0

[Event "*** Titled Tuesday Blitz"]
[Site "Chess.com"]
[Date "2019.09.03"]
[Round "2"]
[White "chessking2151"]
[Black "Jospem"]
[Result "0-1"]
[WhiteElo "2624"]
[BlackElo "2932"]
[TimeControl "180+2"]
[EndTime "15:21:59 PDT"]
[Termination "Jospem won by resignation"]

1. e4 c5 2. Nf3 d6 3. d4 cxd4 4.
Nxd4 Nf6 5. Nc3 a6 6. h3 e5 7. Nb3 b5 8. g4 Bb7 9. Bg2 b4 10. Nd5 Nxd5 11. exd5 a5 12. Be3 Be7 13. Qd2 O-O 14. h4 Nd7 15. Nc1 Ba6 16. Ne2 Nf6 17. g5 Ng4 18. Ng3 Rc8 19. Be4 g6 20. O-O-O Bc4 21.
Kb1 Rb8 22. h5 a4 23. b3 axb3 24. axb3 Bb5 25. Kb2 Qc7 26. Ra1 Nxe3 27. Qxe3 Bxg5 28. Qe1 Rfc8 29. hxg6 fxg6 30. Qxb4 Bd3 31. Qxb8 Qxc2+ 0-1